 Dungeon Crawl Stone Soup version 0.27-a0-679-g77a6b55cf3 (webtiles) character file.

Game seed: 18255977510975306548

95 spiderkeys the Poker (level 4, 0/52 HPs)
             Began as a Human Berserker on Mar 19, 2021.
             Was a Believer of Trog.
             Slain by a hornet (10 damage)
             ... on level 3 of the Dungeon.
             The game lasted 00:03:45 (3287 turns).

spiderkeys the Poker (Human Berserker)              Turns: 3287, Time: 00:03:47

Health: 0/52       AC: 11    Str: 18    XL:     4   Next: 97%
Magic:  4/4        EV:  5    Int:  8    God:    Trog [**....]
Gold:   86         SH:  3    Dex: 12    Spells: 3/3 levels left

rFire    . . .     SeeInvis .   a - +0 spear
rCold    + . .     Faith    .   j - +0 buckler
rNeg     . . .     Spirit   .   i - +0 plate armour
rPois    .         Reflect  .   (no helmet)
rElec    .         Harm     .   (no cloak)
rCorr    .         Rampage  .   (no gloves)
Will     .....                  (no boots)
Stlth    ..........             (no amulet)
HPRegen  0.17/turn              e - ring of protection from cold
MPRegen  0.09/turn              (no ring)

@: berserking, lethally poisoned (0 -> -13), slowed
A: no striking features
a: Renounce Religion, Berserk, Trog's Hand


You were on level 3 of the Dungeon.
You worshipped Trog.
Trog was pleased with you.
You visited 1 branch of the dungeon, and saw 3 of its levels.

You collected 86 gold pieces.

Inventory:

Hand Weapons
 a - a +0 spear (weapon)
Armour
 b - a +0 animal skin
 i - a +0 plate armour (worn)
 j - a +0 buckler (worn)
Jewellery
 e - a ring of protection from cold (right hand)
 m - an amulet of the acrobat
Scrolls
 f - a scroll of immolation {unknown}
 g - 3 scrolls of magic mapping {unknown}
 h - a scroll of enchant weapon {unknown}
 k - a scroll of fog {unknown}
Potions
 c - a potion of cancellation {unknown}
 d - a potion of curing {unknown}
 l - a potion of lignification {unknown}


   Skills:
 + Level 3.5 Fighting
 * Level 4.0 Polearms
 + Level 2.7 Armour
 + Level 2.6 Dodging
 + Level 0.1 Shields


You had 3 spell levels left.
You didn't know any spells.
Your spell library was empty.

Dungeon Overview and Level Annotations

Branches:
Dungeon (3/15)

Altars:
Dithmenos


Message History

You hit the jackal.
You kill the jackal!
Trog accepts your kill.
A hornet comes into view.
The jackal barely misses you.
Found 9 gold pieces.
You hit the jackal.
The jackal is severely wounded.
The jackal bites you but does no damage.
You hit the jackal.
You kill the jackal!
Trog accepts your kill.
A bat comes into view.
You reach to attack!
You barely miss the hornet. You closely miss the hornet.
The hornet barely misses you. The hornet stings you!
You are poisoned.
You suddenly lose the ability to move!
You feel sick. The bat hits you but does no damage.
A giant cockroach comes into view.
The hornet stings you.
You are more poisoned.
You shrug off the repeated paralysis!
The bat hits you but does no damage.
You can move again.
A red film seems to cover your vision as you go berserk!
You feel yourself moving faster!
You feel mighty!
You feel sick. You block the bat's attack. You block the hornet's attack.
The hornet stings you.
You feel yourself slow down.
You miss the hornet.
You feel sick. The bat hits you but does no damage. The hornet stings you!
* * * LOW HITPOINT WARNING * * *
You feel as though you will be slow longer.
You hit the hornet.
The hornet is lightly wounded.
* * * LOW HITPOINT WARNING * * *
You feel sick. The bat barely misses you.
The hornet stings you but does no damage.
A kobold comes into view. It is wielding a +0 dagger.
The hornet stings you!
You die...

## #### .# ...
..... .###.....
$....####...#.....
.........#........
.......B..........
.......b.........<
......y@.........#
K..........).....#
...........<.....#
..........†......#
.........<.......#
.............$....
#........#........
#...###......#....
.. ...###......


You could see a hornet, a giant cockroach, a bat and a kobold (wandering).

Vanquished Creatures
  3 adders (D:2)
  An ooze (D:1)
  2 worms (D:2)
  A leopard gecko (D:1)
  8 bats
  6 giant cockroaches
  5 goblins
  3 hobgoblins (D:1)
  6 jackals
  3 kobolds
  2 quokkas (D:1)
  A ball python (D:2)
  7 frilled lizards
  7 rats
55 creatures vanquished.

Notes
Turn   | Place    | Note
-------+----------+-------------------------------------------
     0 | D:1      | spiderkeys the Human Berserker began the quest for the Orb.
     0 | D:1      | Reached XP level 1. HP: 18/18 MP: 1/1
   110 | D:1      | Reached XP level 2. HP: 20/24 MP: 2/2
   608 | D:1      | Reached XP level 3. HP: 27/29 MP: 3/3
  1639 | D:2      | Found a shadowy altar of Dithmenos.
  1656 | D:2      | Reached ** piety under Trog
  1681 | D:2      | Reached XP level 4. HP: 27/35 MP: 4/4
  3020 | D:2      | Reached skill level 4 in Polearms
  3278 | D:3      | Noticed a hornet
  3283 | D:3      | Paralysed by a hornet for 2 turns
  3287 | D:3      | Slain by a hornet

Illustrated notes

Levels and vault maps discovered:
D:1:      sevenhm_arrival_forest_fort_small_3, layout_basic
D:2:      layout_basic, nicolae_dithmenos_shadow_blocks
D:3:      layout_rooms, cheibriados_altar_1, uniq_ijyb

Skill      XL: |  1  2  3  4 |
---------------+-------------+-----
Polearms       | 4 |  4.0
Fighting       | |  3.5
Armour         | |  2.7
Dodging        | |  2.6
Shields        | |  0.1

Action                   |  1- 3 |  4- 6 || total
-------------------------+-------+-------++-------
Melee: Spear             |   119 |    95 ||   214
Invok: Berserk           |     1 |     3 ||     4
 Stab: Sleeping          |     6 |       ||     6
Armor: Animal skin       |    19 |     6 ||    25
       Plate armour      |       |    38 ||    38
Dodge: Dodged            |    49 |    28 ||    77
Block: Buckler           |       |    12 ||    12

Table legend: (Time is in decaauts)
 A = Elapsed time spent in this place.
 B = Non-inter-level travel time spent in this place.
 C = Inter-level travel time spent in this place.
 D = Time resting spent in this place.
 E = Time spent auto-exploring this place.
 F = Levels seen in this place.
 G = Mean time per level.
                   A        B        C        D        E       F      G
               +--------+--------+--------+--------+--------+-----+--------+
         Total |   3306 |   3212 |     94 |   1250 |   1601 |   3 | 1102.0 |
       Dungeon |   3306 |   3212 |     94 |   1250 |   1601 |   3 | 1102.0 |
               +--------+--------+--------+--------+--------+-----+--------+

Top non-repeatable levels by time:
     D:2: 1697 daAuts
     D:1: 1559 daAuts
     D:3: 50 daAuts
